 Dungeon Crawl Stone Soup version 0.30.1-3-gfc49f6343a (webtiles) character file.

Game seed: 2675966702128229393

371 monsoonserge the Trooper (level 7, -18/61 HPs)
             Began as a Meteoran Berserker on July 20, 2023.
             Was a Believer of Trog.
             Demolished by a kobold brigand
             ... wielding a +0 dagger of distortion
              (20 damage)
             ... on level 3 of the Dungeon.
             The game lasted 00:07:23 (1169 turns).

monsoonserge the Trooper (Meteoran Berserker)       Turns: 1169, Time: 00:07:28

Health: -18/61     AC: 10    Str: 27    XL:     7   Next: 22%
Magic:  8/8        EV: 10    Int:  9    God:    Trog [**....]
Gold:   141        SH:  0    Dex: 13    Spells: 6/6 levels left

rFire   . . .        p - +0 flail
rCold   . . .        (no shield)
rNeg    . . .        r - +0 chain mail
rPois   .            (no helmet)
rElec   .            (no cloak)
rCorr   +            g - +0 pair of gloves
SInv    .            (no boots)
Will    .....        l - amulet of the acrobat Stlth
                     f - +6 ring of strength
HPRegen 0.30/turn    t - ring of resist corrosion
MPRegen 0.11/turn

%: acrobat
@: on berserk cooldown, glowing
A: sense surroundings 1, otherworldly, glowing, explore regen
a: Renounce Religion, Berserk, Trog's Hand


You were on level 3 of the Dungeon.
You worshipped Trog.
Trog was pleased with you.
You visited 1 branch of the dungeon, and saw 4 of its levels.

You collected 141 gold pieces.

Inventory:

Hand Weapons
 a - a +0 hand axe
 p - a +0 flail (weapon)
Missiles
 q - 5 poisoned darts (quivered)
Armour
 b - a +0 animal skin
 g - a +0 pair of gloves (worn)
 j - a +0 scale mail
 r - a +0 chain mail (worn)
Jewellery
 f - a +6 ring of strength (left hand)
 l - an amulet of the acrobat (around neck)
 t - a ring of resist corrosion (right hand)
Scrolls
 e - 6 scrolls of identify {unknown}
 h - 2 scrolls of enchant armour {unknown}
 m - 2 scrolls of teleportation {unknown}
 s - a scroll of acquirement {unknown}
Potions
 i - a potion of ambrosia {unknown}
 k - a potion of might {unknown}
 n - a potion of resistance {unknown}
 o - a potion of heal wounds {unknown}


   Skills:
 + Level 5.2 Fighting
 - Level 4.4(4.8) Axes
 + Level 3.1(4.4) Maces & Flails
 + Level 4.8 Armour
 + Level 3.8 Dodging


You had 6 spell levels left.
You didn't know any spells.
Your spell library contained the following spells:

 Spells                   Type           Power      Damage    Failure   Level
 Beastly Appendage        Tmut           0%         N/A       88%         1
 Wereblood                Tmut           0%         N/A       95%         2
 Gell's Gravitas          Tloc           0%         N/A       99%         3
 Spider Form              Tmut/Pois      0%         N/A       99%         3
 Teleport Other           Tloc           0%         N/A       99%         3
 Dispersal                Tloc           0%         N/A       100%        6


Dungeon Overview and Level Annotations

Branches:
Dungeon (4/15) Zot: 1186
 Temple: D:4-7

Altars:

Portals:
Abyss: D:3

Annotations:
D:3 1 transporter


Innate Abilities, Weirdness & Mutations

You passively map a small area around you.
You are easily found by Zot.
You glow in the dark.
You regain HP and MP as you explore.


Message History

You sock the small abomination!
You destroy the small abomination!
Trog accepts your kill.
You are no longer berserk.
You are exhausted.
You feel yourself slow down.
Your base Maces & Flails skill increases to level 3!
You have reached level 7!
You see here a There-And-Back Book.
You pick up a There-And-Back Book and begin reading...
You add the spells Gell's Gravitas, Teleport Other and Dispersal to your library.
A shadow imp comes into view.
The shadow imp shouts, "Slither hence, thou baffled spleeny skainsmate!"
A kobold brigand comes into view.
It is wielding a +0 dagger of distortion.
The shadow imp moves out of view.
Really walk into that dispersal trap?
You enter a dispersal trap!
The kobold brigand blinks!
You blink.
The kobold brigand closely misses you.
You hit the kobold brigand.
The kobold brigand is lightly wounded.
The kobold brigand hits you but does no damage.
You blink.
The shadow imp hits you but does no damage.
The shadow imp hits you.
* * * LOW HITPOINT WARNING * * *
The shadow imp gestures at you. Pain shoots through your body!
* * * LOW HITPOINT WARNING * * *
Really walk into that dispersal trap?
You enter a dispersal trap!
The kobold brigand blinks!
The shadow imp blinks!
The kobold brigand blinks!
You blink.
It was a potion of haste.
You feel yourself speed up.
It was a potion of cancellation.
Your magical effects are unravelling.
You feel magically purged.
You feel yourself speed up.
You feel yourself slow down.
The kobold brigand hits you with a +0 dagger of distortion.
* * * LOW HITPOINT WARNING * * *
Space warps horribly around you!!
You die...

# #.# #......# #.# #
#.#####......######## #.# #
#...................# #.# #
######..###.........### #.# #
#..###............##.# #
#.....................
############....................#
...............####.......###....
############...#@.###...### ##..#
#........#.....##K..##..# ,#..#
#........#......#.##.##### ##..#
#........#.....##.^#..©..# ##...#
'..>.....#....##..#5##.#..##....#
#........+...©#$.###....#/#......
#........###..##§# ###...###...#
#........# #...##..*#©###.. ##..#
#........# #...# .##....##.#.#..#


You could see a kobold brigand and a shadow imp.

Vanquished Creatures
  The ghost of bahustanut the Trooper, an amateur OgGl (D:3)
  2 small abominations (D:3)
  8 gnolls (D:2)
  A worm (D:2)
  4 ball pythons
  4 bats
  4 endoplasms
  3 goblins
  7 jackals
  3 quokkas
  3 frilled lizards
  4 kobolds
  5 rats
49 creatures vanquished.

Notes
Turn   | Place    | Note
-------+----------+-------------------------------------------
     0 | D:1      | monsoonserge the Meteoran Berserker began the quest for the
                  | Orb.
     0 | D:1      | Reached XP level 1. HP: 19/19 MP: 2/2
    69 | D:1      | Reached XP level 2. HP: 23/26 MP: 3/3
   336 | D:1      | Reached XP level 3. HP: 27/33 MP: 4/4
   427 | D:2      | Reached skill level 4 in Fighting
   434 | D:2      | Reached XP level 4. HP: 17/40 MP: 5/5
   518 | D:2      | Reached ** piety under Trog
   642 | D:2      | Reached XP level 5. HP: 28/47 MP: 6/6
   947 | D:3      | Found a transporter.
   954 | D:3      | Found a one-way gate to the infinite horrors of the Abyss.
   954 | D:3      | Noticed bahustanut's ghost (amateur OgGl)
  1097 | D:3      | Found a transporter.
  1135 | D:3      | Noticed a small abomination
  1141 | D:3      | HP: 3/70 [small abomination (11)]
  1143 | D:3      | Killed a small abomination
  1144 | D:3      | Reached skill level 1 in Maces & Flails
  1144 | D:3      | Reached XP level 6. HP: 3/55 MP: 7/7
  1147 | D:3      | HP: 1/82 [bahustanut's ghost (3)]
  1149 | D:3      | Noticed a small abomination
  1151 | D:3      | Killed bahustanut's ghost
  1152 | D:3      | Reached skill level 5 in Fighting
  1153 | D:3      | Killed a small abomination
  1154 | D:3      | Reached XP level 7. HP: 2/61 MP: 8/8
  1166 | D:3      | HP: 1/61 [shadow imp/nerve-wracking pain (6)]
  1169 | D:3      | Demolished by a kobold brigand

Illustrated notes

Levels and vault maps discovered:
D:1:      dpeg_arrival_pits, layout_loops_ring, grunt_decor_fettered,
          dreamdust_princess_bridge, st_stairs_12
D:2:      layout_basic
D:3:      layout_basic, gammafunk_ghost_abyssal_escape
D:4:      layout_rooms, ebering_ghost_gozag

Skill      XL: |  1  2  3  4  5  6 |
---------------+-------------------+-----
Axes           | 4 |  4.4
Fighting       | 4 5 |  5.2
Armour         | 3 4 |  4.8
Dodging        | 3 |  3.8
Maces & Flails | 1 3 |  3.1

Action                     |  1- 3 |  4- 6 |  7- 9 || total
---------------------------+-------+-------+-------++-------
  Melee: Hand axe          |    51 |    58 |       ||   109
         Flail             |       |    34 |     1 ||    35
 Invoke: Berserk           |     1 |     2 |       ||     3
    Use: Potion            |       |       |     2 ||     2
 Armour: Animal skin       |     8 |     7 |       ||    15
         Scale mail        |       |    31 |       ||    31
         Chain mail        |       |    10 |     2 ||    12
  Dodge: Dodged            |    34 |    64 |     1 ||    99
